Map: Ruins of Seras

Players

ShoWTimE - Winner!

  • Race: Protoss Protoss
  • League: Master

Serral

  • Race: Zerg Zerg
  • League: Grandmaster

Event: NationWars III

VOD

Have the link to the VOD?

Description

Time

  • Played on: Dec. 12, 2015, 12:09 p.m.
  • Length: 8:29

All games in this series

Show
View Real Time Build Order
Export as new Build Order

ShoWTimE Protoss - Winner!

Build Orders: Nexus First 

Get SALT Encoding   

  12  0:01  Probe (Chrono Boost)  
  13  0:11  Probe (Chrono Boost)  
  14  0:18  Pylon  
  14  0:23  Probe (Chrono Boost)  
  15  0:36  Probe (Chrono Boost)  
  16  0:47  Probe (Chrono Boost)  
  17  1:02  Nexus  
  17  1:12  Gateway  
  17  1:15  Probe (Chrono Boost)  
  18  1:20  Assimilator  
  18  1:25  Probe (Chrono Boost)  
  19  1:29  Assimilator  
  19  1:36  Probe (Chrono Boost)  
  20  1:46  Probe (Chrono Boost)  
  21  1:57  Probe (Chrono Boost)  
  21  2:00  Cybernetics Core  
  22  2:07  Probe (Chrono Boost)  
  23  2:14  Probe (Chrono Boost)  
  24  2:18  Probe (Chrono Boost)  
  25  2:25  Probe (Chrono Boost)  
  25  2:28  Probe (Chrono Boost)  
  27  2:34  Probe (Chrono Boost)  
  28  2:37  Adept (Chrono Boost)  
  28  2:38  Warp Gate  
  28  2:40  Probe  
  28  2:43  Mothership Core  
  31  2:48  Robotics Facility  
  33  2:52  Probe  
  33  2:56  Pylon  
  34  3:01  Adept (Chrono Boost)  
  34  3:03  Probe  
  34  3:04  Probe  
  37  3:13  Probe  
  37  3:17  Probe (Chrono Boost)  
  39  3:24  Pylon  
  39  3:25  Probe (Chrono Boost)  
  40  3:29  Probe (Chrono Boost)  
  41  3:36  Probe (Chrono Boost)  
  41  3:39  Probe (Chrono Boost)  
  41  3:40  Robotics Bay  
  41  3:41  Warp Prism (Chrono Boost)  
  43  3:46  Probe (Chrono Boost)  
  46  3:50  Probe (Chrono Boost)  
  46  3:53  Assimilator  
  46  3:54  Assimilator  
  47  3:56  Probe  
  47  4:01  Probe, Pylon  
  49  4:06  Probe  
  49  4:07  Gateway  
  49  4:09  Gateway  
  50  4:13  Probe  
  50  4:16  Forge  
  50  4:17  Probe  
  52  4:25  Probe, Disruptor (Chrono Boost)  
  52  4:28  Pylon  
  52  4:30  Gravitic Drive (Chrono Boost)  
  52  4:31  Probe  
  56  4:36  Pylon  
  57  4:41  Protoss Ground Weapons Level 1  
  57  4:44  Adept  
  59  4:46  Probe x2  
  59  4:48  Twilight Council  
  61  4:53  Disruptor  
  64  5:01  Probe x2  
  66  5:11  Adept  
  68  5:17  Probe  
  68  5:18  Nexus  
  69  5:23  Probe, Pylon  
  69  5:27  Blink (Chrono Boost)  
  70  5:31  Observer  
  71  5:37  Pylon  
  71  5:41  Gateway  
  71  5:42  Gateway  
  71  5:48  Gateway  
  71  5:51  Gateway  
  71  6:06  Stalker x2  
  75  6:16  Stalker  
  75  6:18  Probe x2  
  79  6:21  Pylon  
  79  6:34  Stalker x2  
  79  6:39  Pylon  
  83  6:40  Stalker  
  83  6:44  Stalker x2  
  89  6:47  Stalker x2  
  93  7:01  Stalker x2  
  93  7:05  Stalker  
  99  7:09  Stalker x2  
  99  7:11  Stalker x2  
  105  7:36  Stalker x5  
  105  7:37  Stalker x2  
  117  8:03  Stalker x6  
  117  8:23  Stalker  
Show
View Real Time Build Order
Export as new Build Order

Serral Zerg 

Build Orders: Hatch First, Lurkers 

Get SALT Encoding   

  12  0:01  Drone  
  13  0:12  Overlord  
  13  0:18  Drone  
  14  0:31  Drone x2  
  16  0:36  Drone  
  17  0:54  Hatchery  
  16  0:58  Drone  
  17  1:12  Spawning Pool  
  17  1:14  Drone  
  17  1:18  Drone  
  18  1:39  Hatchery  
  17  1:41  Drone  
  17  1:46  Drone  
  19  1:48  Drone  
  20  1:59  Queen  
  22  2:08  Queen  
  24  2:11  Zergling x2  
  24  2:15  Overlord  
  25  2:18  Drone  
  25  2:21  Zergling x2  
  27  2:23  Drone  
  28  2:33  Drone x2  
  30  2:39  Drone  
  30  2:42  Drone  
  30  2:43  Queen  
  34  2:46  Drone  
  34  2:50  Drone  
  36  2:54  Queen  
  38  2:59  Drone  
  38  3:00  Drone  
  38  3:02  Extractor  
  38  3:03  Extractor  
  38  3:04  Overlord  
  38  3:09  Drone x2  
  38  3:12  Drone  
  41  3:14  Drone  
  42  3:26  Drone x3  
  45  3:28  Drone x3  
  48  3:35  Overlord  
  48  3:40  Zergling x4  
  49  3:42  Overlord  
  49  3:47  Drone  
  49  3:51  Overlord  
  49  3:55  Overlord  
  49  3:59  Drone x4  
  49  4:01  Metabolic Boost  
  53  4:06  Roach Warren  
  53  4:08  Drone x2  
  54  4:10  Drone x2  
  54  4:13  Drone  
  54  4:15  Drone x2  
  59  4:18  Drone  
  59  4:22  Drone x3  
  63  4:28  Lair  
  63  4:33  Drone  
  63  4:35  Evolution Chamber, Drone  
  63  4:36  Evolution Chamber, Drone  
  64  4:39  Overlord  
  64  4:40  Drone  
  64  4:41  Drone  
  64  4:43  Drone  
  64  4:44  Drone, Extractor x2  
  66  4:46  Drone  
  66  4:48  Drone  
  66  4:50  Drone x2  
  70  4:56  Overlord  
  70  5:02  Zerg Ground Armor Level 1, Zerg Melee Weapons Level 1  
  70  5:06  Roach  
  70  5:07  Overlord, Roach x2  
  76  5:10  Drone x2  
  76  5:13  Roach  
  80  5:18  Roach x3  
  80  5:20  Drone x4  
  90  5:25  Drone, Extractor  
  90  5:26  Drone, Extractor  
  89  5:30  Overlord, Hydralisk Den  
  89  5:33  Drone x3  
  91  5:37  Overlord  
  91  5:39  Overseer  
  91  5:40  Drone x2  
  91  5:41  Drone x2  
  95  5:45  Overlord  
  95  5:51  Zergling x2  
  95  5:52  Zergling x8  
  98  6:01  Drone x4  
  98  6:02  Drone  
  97  6:04  Drone  
  97  6:09  Lurker Den  
  98  6:12  Pneumatized Carapace, Spire  
  98  6:13  Zergling x4  
  98  6:14  Zergling x2  
  96  6:35  Hatchery  
  96  6:39  Hydralisk x5  
  103  6:41  Zergling x6  
  103  6:42  Zergling x6  
  111  6:48  Overlord x3  
  111  7:01  Zergling x14  
  98  7:16  Zergling x2  
  98  7:17  Zergling x20  
  103  7:23  Spine Crawler x2  
  100  7:33  Zergling x8  
  100  7:35  Lurker x5  
  109  7:39  Spine Crawler, Queen  
  109  7:40  Spine Crawler, Queen  
  109  7:41  Spine Crawler, Queen  
  108  7:57  Hydralisk x5  
  97  8:08  Zergling x20  
Tags
 
Add a new tag
Caveats
  • Supply blocks, unpowered buildings, or Contaminate may cause inaccurate times.
  • Supply counts are checked every 10 seconds.